 Dungeon Crawl Stone Soup version 0.28.0-53-g5a82cb258f (webtiles) character file.

Game seed: 18275200852538557549

22746 Gabide the Black Belt (level 13, -11/69 (72) HPs)
             Began as a Vine Stalker Monk on May 27, 2022.
             Was a High Priest of Fedhas.
             Killed from afar by Josephine (27 damage)
             ... with a ghostly fireball
             ... on level 13 of the Dungeon.
             The game lasted 00:24:22 (12516 turns).

Gabide the Black Belt (Vine Stalker Monk)          Turns: 12516, Time: 00:24:24

HP:   -11/69 (72)   AC: 16    Str: 15    XL:     13   Next: 2%
MP:   0/14          EV: 17    Int: 10    God:    Fedhas [*****.]
Gold: 586           SH:  0    Dex: 21    Spells: 12/12 levels left

rFire   . . .      SeeInvis .     - Unarmed
rCold   + . .      Faith    +   (no shield)
rNeg    . . .      Spirit   +   G - +2 troll leather armour {Snorg}
rPois   .          Reflect  .   (no helmet)
rElec   .          Harm     .   m - +0 cloak
rCorr   .          Rampage  .   s - +0 pair of gloves
Will    +....                   A - +2 pair of boots
Stlth   ++........              p - amulet of faith
HPRegen 1.81/turn               j - ring of protection from cold
MPRegen 0.14/turn               o - +4 ring of protection

@: lightly drained, invisible
A: fangs 3, regeneration 1, magic shield, antimagic bite, no potion heal 2
a: Renounce Religion, Wall of Briars, Grow Ballistomycete, Overgrow, Grow Oklob


You were on level 13 of the Dungeon.
You worshipped Fedhas.
Fedhas was extremely pleased with you.
You visited 1 branch of the dungeon, and saw 13 of its levels.

You collected 764 gold pieces.
You spent 178 gold pieces at shops.

Inventory:

Missiles
 d - 374 stones (quivered)
Armour
 m - a +0 cloak (worn)
 s - a +0 pair of gloves (worn)
 t - a +2 robe of the Archmagi
 A - a +2 pair of boots (worn)
 G - a +2 troll leather armour (worn) {Snorg}
Jewellery
 e - a ring of poison resistance
 j - a ring of protection from cold (left hand)
 o - a +4 ring of protection (right hand)
 p - an amulet of faith (around neck)
 w - a ring of ice
 C - a ring of positive energy
 N - a ring of fire
 Q - a ring of wizardry
Wands
 i - a wand of iceblast (8)
 q - a wand of flame (54)
 x - a wand of acid (10)
 E - a wand of paralysis (13)
 J - a wand of mindburst (5)
Scrolls
 b - 3 scrolls of immolation
 f - a scroll of vulnerability {unknown}
 h - 2 scrolls of noise
 k - a scroll of fog
 l - 2 scrolls of blinking
 r - 2 scrolls of silence {unknown}
 u - a scroll of enchant weapon {unknown}
 y - 2 scrolls of brand weapon
 z - a scroll of magic mapping {unknown}
 B - 7 scrolls of teleportation
 F - 3 scrolls of identify
 K - 2 scrolls of fear {unknown}
Potions
 a - a potion of magic
 c - 8 potions of curing
 g - a potion of invisibility
 n - a potion of haste
 v - 2 potions of lignification
 D - 2 potions of degeneration
 H - 2 potions of brilliance
 I - 2 potions of might
 L - 2 potions of flight
 M - a potion of mutation {unknown}
 O - a potion of ambrosia {unknown}
 P - a potion of resistance {unknown}


   Skills:
 - Level 10.0 Fighting
 - Level 5.0 Armour
 + Level 7.3 Dodging
 - Level 2.4 Stealth
 - Level 16.0 Unarmed Combat


You had 12 spell levels left.
You didn't know any spells.
Your spell library contained the following spells:

 Spells                   Type           Power      Damage    Failure   Level
 Freeze                   Ice            0%         1d3       41%         1
 Sandblast                Erth           0%         2d4       41%         1
 Slow                     Hex            0%         N/A       41%         1
 Ensorcelled Hibernation  Hex/Ice        0%         N/A       56%         2
 Passwall                 Tmut/Erth      0%         N/A       56%         2
 Sublimation of Blood     Necr           0%         N/A       56%         2
 Wereblood                Tmut           0%         N/A       56%         2
 Frozen Ramparts          Ice            0%         1d2       80%         3
 Stone Arrow              Conj/Erth      0%         3d7       80%         3
 Swiftness                Air            0%         N/A       80%         3
 Tukima's Dance           Hex            0%         N/A       80%         3
 Airstrike                Air            0%         N/A       99%         4
 Cause Fear               Hex            0%         N/A       99%         4
 Hailstorm                Conj/Ice       0%         3d3       99%         4
 Ice Form                 Ice/Tmut       0%         N/A       99%         4
 Passage of Golubria      Tloc           0%         N/A       99%         4
 Summon Lightning Spire   Summ/Air       0%         N/A       99%         4
 Lightning Bolt           Conj/Air       0%         1d11      100%        5
 Silence                  Hex/Air        0%         N/A       100%        5
 Summon Forest            Summ/Tloc      0%         N/A       100%        5
 Summon Mana Viper        Hex/Summ       0%         N/A       100%        5
 Yara's Violent Unravell  Hex/Tmut       0%         3d3       100%        5
 Summon Cactus Giant      Summ           0%         N/A       100%        6
 Summon Hydra             Summ           0%         N/A       100%        7


Dungeon Overview and Level Annotations

Branches:
Dungeon (13/15)            Temple (0/1) D:6            Lair (0/6) D:9
    Orc (0/2) D:12
 Vaults: D:13-14

Altars:
Ashenzari
Dithmenos
Fedhas
Hepliaklqana
Makhleb
Nemelex Xobeh
Okawaru
Trog
Uskayaw
Xom
Zin
The Shining One
Beogh

Shops:
D:4 :*   D:5 *(([   D:6 (

Annotations:
D:13 Josephine


Innate Abilities, Weirdness & Mutations

You have razor-sharp teeth.
Your natural rate of healing is unusually fast.
When hurt, damage is shared between your health and your magic reserves.
Your bite disrupts and absorbs the magic of your enemies.
Potions cannot restore your health.


Message History

No target in view!
No target in view!
No target in view!
No target in view!
No target in view!
A boulder beetle comes into view.
A boulder beetle is nearby!
A boulder beetle is nearby!
A boulder beetle is nearby!
The boulder beetle curls into a ball and begins rolling!
An orc knight, 6 orcs and 4 orc warriors come into view.
Found 41 gold pieces.
Found a roughly hewn altar of Beogh.
The orc shouts!
The orc warrior shouts!
You hear a shout! x3; The orc shouts! x3
You hear a shout!
The orc knight shouts!
The orc warrior shouts! x2
You punch the boulder beetle!
The boulder beetle is moderately wounded.
The boulder beetle hits you!!!
Ouch! That really hurt!
The boulder beetle stops rolling and uncurls.
You hear a shout! x5
The boulder beetle curls into a ball and begins rolling!
Josephine the Decaying Necromancer comes into view.
She is wielding a +0 dagger.
The boulder beetle hits you!!!
Ouch! That really hurt!
* * * LOW HITPOINT WARNING * * *
The boulder beetle stops rolling and uncurls.
You hear a shout!
You fade into invisibility!
The boulder beetle completely misses you.
A wraith comes into view.
A wraith comes into view.
Unknown command.
Josephine gestures at the boulder beetle while chanting.
The ghostly flame explodes!
The ghostly fireball engulfs the boulder beetle but does no damage.
The boulder beetle is drained!
The ghostly fireball engulfs you!!
You feel drained.
You die...
Fedhas appreciates your contribution to the ecosystem. #..## ... ###.###.# #.......# oooo..#o##### oooo# #o# ########### oo.

#.# #.........#
#######.#######.#######.#
.......oW.@..B@.....###.#
#
##.###Wo.######.....(...#
## #.....# #.###.##..# #.
##...## #.###.##..# ####
##.## #.........# #...
#.# #.#...##.## #.## #.#
#.#.####.# #.# #+# #.#.#
#># #.## #.#.####.# #...


You could see a boulder beetle (drained), Josephine, a wraith, an orc warrior
(wandering) and an orc.

Vanquished Creatures
  Snorg (D:10)
  2 boulder beetles (D:12)
  4 two-headed ogres
  3 death yaks
  3 centaur warriors (D:13)
  The ghost of hitsuchi the Arsonist, a novice DsFE of Makhleb (D:8)
  An ugly thing (D:11)
  2 cyclopes (D:13)
  5 manticores
  A centaur zombie (D:11)
  Joseph (D:7)
  A komodo dragon (D:12)
  2 kobold demonologists (D:11)
  An unseen horror (D:12)
  2 efreet
  A freezing wraith (D:11)
  A troll (shapeshifter) (D:13)
  A troll (D:10)
  3 slime creatures (D:12)
  Sigmund (D:4)
  2 shadows (D:10)
  12 yaks
  4 wraiths
  2 wyverns
  Eustachio (D:5)
  3 vampire mosquitoes (D:13)
  Menkaure (D:5)
  A warg (D:12)
  Edmund (D:4)
  An acid dragon (D:12)
  A water moccasin (D:7)
  An orc warrior (D:12)
  3 ice beasts
  A sky beast (D:8)
  2 ogres (D:4)
  2 necrophages
  5 centaurs
  A phantom (D:7)
  2 bullfrogs
  3 kobold brigands
  Blork the orc (D:5)
  2 scorpions (D:5)
  A gnoll sergeant (D:4)
  A wyvern zombie (D:8)
  Dowan (D:7)
  9 wights
  2 howler monkeys
  A centaur skeleton (D:7)
  6 orc priests
  A hound (D:6)
  A jelly (D:2)
  A gnoll shaman (D:7)
  2 iguanas (D:6)
  A bullfrog skeleton (D:5)
  10 orc wizards
  A killer bee zombie (D:7)
  A howler monkey zombie (D:8)
  9 gnolls
  A howler monkey skeleton (D:5)
  2 river rats (D:9)
  7 adders
  A shadow imp (D:7)
  An ufetubus (D:5)
  2 worms (D:2)
  2 dart slugs (D:1)
  28 orcs
  6 endoplasms
  4 giant cockroaches
  13 goblins
  5 hobgoblins
  5 jackals
  4 quokkas
  2 ball pythons
  6 bats
  4 frilled lizards
  18 kobolds
  2 rats
250 creatures vanquished.

Vanquished Creatures (collateral kills)
  Prince Ribbit (D:5)
  Duvessa (D:7)
  Pargi (D:4)
  A scorpion (D:4)
  2 wights (D:6)
  Crazy Yiuf (D:3)
  A jelly (D:6)
  A bullfrog skeleton (D:4)
  An orc wizard (D:5)
  A gnoll (D:4)
  An adder (D:5)
  An adder skeleton (D:4)
  A goblin (D:12)
  A hobgoblin (D:4)
15 creatures vanquished.

Grand Total: 265 creatures vanquished

Notes
Turn   | Place    | Note
-------+----------+-------------------------------------------
     0 | D:1      | Gabide the Vine Stalker Monk began the quest for the Orb.
     0 | D:1      | Reached XP level 1. HP: 11/11 MP: 2/2
   360 | D:1      | Reached XP level 2. HP: 2/16 MP: 3/3
  1113 | D:1      | Reached skill level 4 in Unarmed Combat
  1361 | D:1      | Reached XP level 3. HP: 19/19 MP: 4/4
  2379 | D:2      | Reached skill level 5 in Unarmed Combat
  2379 | D:2      | Gained mutation: Your natural rate of healing is unusually
                  | fast. [Vine Stalker growth]
  2379 | D:2      | Reached XP level 4. HP: 7/23 MP: 2/5
  2735 | D:2      | Found a blossoming altar of Fedhas.
  2752 | D:2      | Became a worshipper of Fedhas Madash
  2752 | D:2      | Reached * piety under Fedhas
  2752 | D:2      | Reached ** piety under Fedhas
  2880 | D:3      | Found a runed translucent door.
  2881 | D:3      | Noticed Crazy Yiuf
  2987 | D:3      | Found a shadowy altar of Dithmenos.
  3108 | D:3      | Reached XP level 5. HP: 27/27 MP: 6/6
  3664 | D:3      | Killed Crazy Yiuf
  3788 | D:4      | Found a broken altar of Ashenzari.
  3801 | D:3      | Reached skill level 6 in Unarmed Combat
  3843 | D:4      | Noticed an ogre
  3856 | D:4      | Killed an ogre
  3857 | D:4      | Reached XP level 6. HP: 32/32 MP: 7/7
  3886 | D:4      | Found Cyskui's Book Emporium.
  3905 | D:4      | Found a hazy altar of Hepliaklqana.
  3941 | D:4      | Noticed Sigmund
  3988 | D:4      | Killed Sigmund
  3989 | D:4      | Reached skill level 7 in Unarmed Combat
  4042 | D:4      | Found Gokin's Elemental Accessories.
  4042 | D:4      | Noticed Pargi
  4060 | D:4      | Killed Pargi
  4061 | D:4      | Reached skill level 8 in Unarmed Combat
  4061 | D:4      | Reached XP level 7. HP: 35/35 MP: 5/8
  4088 | D:4      | Found a shimmering altar of Xom.
  4164 | D:4      | Noticed Edmund
  4229 | D:4      | Killed Edmund
  4230 | D:4      | Reached skill level 9 in Unarmed Combat
  4242 | D:4      | Gained mutation: You have razor-sharp teeth. [Vine Stalker
                  | growth]
  4242 | D:4      | Reached XP level 8. HP: 39/39 MP: 3/9
  4608 | D:5      | Entered Level 5 of the Dungeon
  4618 | D:5      | Found Geprety's Antique Armour Shoppe.
  4621 | D:5      | Bought a pair of gloves for 85 gold pieces
  4621 | D:5      | Bought an embroidered robe for 70 gold pieces
  4689 | D:5      | Noticed Blork the orc
  4701 | D:5      | Killed Blork the orc
  4711 | D:5      | Noticed Menkaure
  4720 | D:5      | Reached skill level 10 in Unarmed Combat
  4729 | D:5      | Noticed Eustachio
  4734 | D:5      | Killed Menkaure
  4746 | D:5      | Killed Eustachio
  4747 | D:5      | Reached skill level 11 in Unarmed Combat
  4795 | D:5      | Found Jaxisiur's Assorted Antiques.
  4810 | D:5      | Bought a scroll labelled GAINOA GYBE for 23 gold pieces
  4862 | D:5      | Reached XP level 9. HP: 43/43 MP: 10/10
  5066 | D:5      | Reached *** piety under Fedhas
  5168 | D:5      | Found Qylus's Weapon Emporium.
  5181 | D:5      | Noticed Prince Ribbit
  5200 | D:5      | Killed Prince Ribbit
  5201 | D:5      | Reached skill level 12 in Unarmed Combat
  5282 | D:5      | Found Dittiun's Antique Weapon Boutique.
  5786 | D:6      | Found a sparkling altar of Nemelex Xobeh.
  5926 | D:6      | Found a staircase to the Ecumenical Temple.
  6102 | D:6      | Found Isagob's Antique Weapon Emporium.
  6522 | D:7      | Reached skill level 13 in Unarmed Combat
  6617 | D:7      | Noticed Duvessa
  6617 | D:7      | Noticed Dowan
  6629 | D:7      | Killed Duvessa
  6652 | D:7      | Killed Dowan
  6757 | D:7      | Noticed Joseph
  6765 | D:7      | Killed Joseph
  6766 | D:7      | Reached skill level 14 in Unarmed Combat
  6766 | D:7      | Reached XP level 10. HP: 47/47 MP: 8/11
  7149 | D:7      | Reached **** piety under Fedhas
  7250 | D:7      | Found a burning altar of Makhleb.
  7250 | D:7      | Found a hide-covered altar of Uskayaw.
  7349 | D:8      | Found a runed translucent door.
  7350 | D:8      | Noticed hitsuchi's ghost (novice DsFE)
  7587 | D:8      | Got the Grimoire of Captivating Moulding
  7864 | D:8      | Found a bloodstained altar of Trog.
  8099 | D:8      | Killed hitsuchi's ghost
  8100 | D:8      | Reached skill level 15 in Unarmed Combat
  8231 | D:9      | Noticed a death yak
  8261 | D:9      | Killed a death yak
  8333 | D:9      | Found a staircase to the Lair.
  8335 | D:9      | Noticed a death yak
  8339 | D:9      | Noticed a death yak
  8422 | D:8      | Killed a death yak
  8484 | D:9      | Killed a death yak
  8485 | D:9      | Reached skill level 16 in Unarmed Combat
  8485 | D:9      | Reached XP level 11. HP: 18/53 MP: 8/12
  8961 | D:9      | Reached skill level 5 in Fighting
  9198 | D:10     | Entered Level 10 of the Dungeon
  9287 | D:10     | Noticed a two-headed ogre
  9321 | D:10     | Killed a two-headed ogre
  9337 | D:10     | Noticed a two-headed ogre
  9390 | D:10     | Killed a two-headed ogre
  9611 | D:10     | Noticed Snorg
  9635 | D:10     | Killed Snorg
  9665 | D:10     | Found a glowing golden altar of the Shining One.
  9990 | D:10     | Found a glowing silver altar of Zin.
 10080 | D:11     | Reached skill level 1 in Armour
 10253 | D:11     | Noticed a red ugly thing
 10282 | D:11     | Killed a red ugly thing
 10328 | D:11     | Noticed a two-headed ogre
 10339 | D:11     | Killed a two-headed ogre
 10340 | D:11     | Reached XP level 12. HP: 39/66 MP: 13/13
 11068 | D:12     | Noticed a two-headed ogre
 11085 | D:12     | Killed a two-headed ogre
 11108 | D:12     | Reached skill level 5 in Armour
 11111 | D:12     | Noticed a boulder beetle
 11134 | D:12     | Reached ***** piety under Fedhas
 11140 | D:12     | Reached skill level 10 in Fighting
 11269 | D:12     | Noticed a boulder beetle
 11278 | D:12     | Killed a boulder beetle
 11449 | D:12     | Found a staircase to the Orcish Mines.
 11666 | D:12     | Found an iron altar of Okawaru.
 11760 | D:12     | Killed a boulder beetle
 11761 | D:12     | Reached skill level 5 in Dodging
 12124 | D:13     | Noticed a centaur warrior
 12129 | D:13     | Killed a centaur warrior
 12137 | D:13     | Noticed a centaur warrior
 12164 | D:13     | Killed a centaur warrior
 12245 | D:13     | Noticed a centaur warrior
 12256 | D:13     | Killed a centaur warrior
 12290 | D:13     | Reached XP level 13. HP: 72/72 MP: 14/14
 12508 | D:13     | Noticed Josephine
 12508 | D:13     | HP: 2/72 [boulder beetle (38)]
 12516 | D:13     | Killed from afar by Josephine

Illustrated notes

Levels and vault maps discovered:
D:1:      saegor_arrival_simple_b, layout_basic, minmay_unequal
D:2:      minmay_recursive_quarters, layout_basic, basic_altar,
          minmay_misc_feat_hallway
D:3:      layout_loops_ring, nicolae_dithmenos_the_darkroom,
          uniq_crazy_yiuf_cottage
D:4:      layout_rooms, overflow_temple_1_default, ashenzari_altar_1,
          mainiacjoe_overflow_paths, serial_shops, shop_statue,
          nrook_loot_triangle, nicolae_elemental_shop,
          kennysheep_generic_room_13, uniq_pargi, uniq_sigmund, uniq_edmund
D:5:      layout_loops_ring, serial_shops, shop, kennysheep_mini, shop, shop,
          uniq_menkaure, uniq_eustachio, uniq_prince_ribbit1, uniq_blork_the_orc
D:6:      layout_loops_corners, nemelex_diamond_rough_becter,
          minmay_temple_entry_proselytizer, serial_shops, nicolae_stop_n_shop_1,
          hangedman_decor_riveting
D:7:      layout_cave_pools, gammafunk_temple_overflow_pools,
          grunt_decor_arrowhead, uniq_duvessa, uniq_joseph
D:8:      layout_loops_ring, mainiacjoe_overflow_alcove_4,
          gammafunk_ghost_grave, minmay_misc_feat_pillars
D:9:      layout_cave_pods, dpeg_lair_monsters
D:10:     layout_roguey, mainiacjoe_overflow_surrounded_room, zin_statuary,
          uniq_snorg
D:11:     layout_loops_corners
D:12:     layout_loops_ring, erik_orc_4, kennysheep_okawaru_gauntlet
D:13:     layout_loops_corners, special_room [special_room_orc], uniq_josephine

Skill      XL: |  1  2  3  4  5  6  7  8  9 10 11 12 |
---------------+-------------------------------------+-----
Unarmed Combat | 4 5 6 8 9 11 14 16 | 16.0
Fighting       | 4 9 10 | 10.0
Armour         | 3 5 |  5.0
Dodging        | 7 |  7.3
Stealth        | |  2.4

Action                   |  1- 3 |  4- 6 |  7- 9 | 10-12 | 13-15 || total
-------------------------+-------+-------+-------+-------+-------++-------
Melee: Unarmed           |    87 |    80 |   212 |   500 |    13 ||   892
       Bite              |    24 |    13 |    77 |   223 |     5 ||   342
       Punch             |     3 |     1 |    16 |    64 |     2 ||    86
Throw: Stone             |    62 |    62 |    37 |    38 |       ||   199
       Throwing net      |       |       |     3 |     2 |       ||     5
Invok: Wall of Briars    |       |     4 |    10 |    13 |       ||    27
Evoke: Wand              |       |       |       |     8 |       ||     8
  Use: Scroll            |       |     2 |     7 |    10 |       ||    19
       Potion            |       |     1 |     1 |     2 |     1 ||     5
 Stab: Sleeping          |     6 |       |     5 |     7 |       ||    18
       Held in net/web   |       |       |     1 |     3 |       ||     4
       Distracted        |       |       |     3 |       |       ||     3
Armor: Robe              |    23 |    24 |    59 |    46 |       ||   152
       Troll leather arm |       |       |       |   122 |     1 ||   123
Dodge: Dodged            |    58 |    66 |   119 |   227 |     4 ||   474
